 Dungeon Crawl Stone Soup version 0.23.2-1-ga50397a6bc (webtiles) character file.

Game seed: 1134815060463119443

23 Gargoyl the Skirmisher (level 2, -6/26 HPs)
             Began as a Centaur Abyssal Knight on May 22, 2019.
             Was a Follower of Lugonu.
             Mangled by Sigmund
             ... wielding a +0 scythe
              (8 damage)
             ... on level 2 of the Dungeon.
             The game lasted 00:02:29 (1258 turns).

Gargoyl the Skirmisher (Centaur Abyssal Knight)     Turns: 1258, Time: 00:02:30

Health: -6/26      AC:  8    Str: 13 (14) XL:     2   Next: 72%
Magic:  3/3        EV:  7    Int:  9 (11) God:    Lugonu [*.....]
Gold:   139        SH:  0    Dex:  6 (8)  Spells: 1/1 levels left

rFire    + . .     SeeInvis .   a - +1 hand axe (venom)
rCold    + . .     Gourm    .   (no shield)
rNeg     . . .     Faith    .   l - +1 scale mail
rPois    +         Spirit   .   (no helmet)
rElec    +         Reflect  .   (no cloak)
rCorr    +         Harm     .   d - +0 pair of gloves
MR       .....                  (no barding)
Stlth    ..........             (no amulet)
HPRegen  0.08/turn              (no ring)
MPRegen  0.08/turn              (no ring)

@: lethally poisoned (-6 -> -10), resistant, very quick
A: large, hooves 3, deformed body, speed 2, tough skin 3
a: Depart the Abyss, Renounce Religion


You were on level 2 of the Dungeon.
You worshipped Lugonu.
Lugonu was aware of your devotion.
You were hungry.

You visited 1 branch of the dungeon, and saw 3 of its levels.
You visited the Abyss 1 time.

You collected 139 gold pieces.

Inventory:

Hand Weapons
 a - a +1 hand axe of venom (weapon)
Armour
 d - a +0 pair of gloves (worn)
 l - a +1 scale mail (worn)
Scrolls
 e - a scroll of remove curse
 k - a scroll of blinking
Potions
 h - a potion of mutation {unknown}
Comestibles
 c - 3 rations


   Skills:
 + Level 3.3 Fighting
 + Level 1.9 Axes
 * Level 1.7 Armour
 * Level 1.0 Dodging
 * Level 2.1 Invocations


You had one spell level left.
You didn't know any spells.
Your spell library was empty.

Dungeon Overview and Level Annotations

Branches:
Dungeon (3/15)

Altars:

Annotations:
D:2 Natasha, Sigmund


Innate Abilities, Weirdness & Mutations

You have hooves in place of feet.
Armour fits poorly on your strangely shaped body.
You cover ground very quickly.
You have extremely tough skin. (AC +3)


Message History

You miss the adder. You hit the hobgoblin but do no damage.
The hobgoblin is poisoned.
The adder bites you.
You are poisoned.
The adder poisons you! Something hits you!
* * * LOW HITPOINT WARNING * * *
The hobgoblin hits you but does no damage.
Unknown command.
It was a potion of degeneration.
There was something very wrong with that liquid.
You feel weakened.
You feel dopey.
You feel clumsy.
* * * LOW HITPOINT WARNING * * *
You feel sick. The adder barely misses you.
The hobgoblin hits you but does no damage.
Unknown command.
It was a potion of resistance.
You feel protected. The adder bites you.
* * * LOW HITPOINT WARNING * * *
Something hits you!
You die...

#....# #..........
##. )#.........##...
.............###
#..............#
#.............. ..
#...........#
####.####..........#
.....$.........g@.#
... #.#........S.##
#.###......##w{.##
......#....#..#..# .
......#......##..>.#
..
......#..†......##.#
.l .......#......###
... #.#
.......#..#.#..#
#... .
.....).#.>#.##.##
### #..##


You could see a worm, an adder and a hobgoblin.

Vanquished Creatures
  4 leopard geckos (D:1)
  2 goblins
  2 hobgoblins (D:1)
  A bat (D:2)
  2 frilled lizards
  3 kobolds (D:1)
  5 rats
19 creatures vanquished.

Notes
Turn   | Place    | Note
-------+----------+-------------------------------------------
     0 | Abyss:1  | Gargoyl the Centaur Abyssal Knight began the quest for the
                  | Orb.
     0 | Abyss:1  | Reached XP level 1. HP: 19/19 MP: 2/2
    68 | Abyss:2  | Found a roughly hewn altar of Beogh.
    94 | Abyss:2  | Noticed a large abomination
    95 | Abyss:2  | Noticed a large abomination
   111 | Abyss:2  | Noticed an ancient zyme
   112 | D:1      | Escaped the Abyss
   230 | D:1      | Reached * piety under Lugonu
   660 | D:1      | Reached XP level 2. HP: 26/26 MP: 3/3
   804 | D:1      | Reached skill level 1 in Dodging
  1049 | D:2      | Noticed Natasha
  1052 | D:2      | Noticed a crimson imp
  1070 | D:2      | Noticed Sigmund
  1258 | D:2      | Mangled by Sigmund

Skill      XL: |  1  2 |
---------------+-------+-----
Dodging        | 1 |  1.0
Fighting       | |  3.3
Axes           | |  1.9
Armour         | |  1.7
Invocations    | |  2.1

Action                   || total
-------------------------++-------
Melee: Hand axe          ||    57
       Kick              ||     4
Invok: Depart the Abyss  ||     1
  Use: Scroll            ||     7
       Potion            ||     5
Armor: Leather armour    ||     8
       Scale mail        ||    19
Dodge: Dodged            ||    41
